 Dungeon Sprint DCSS version 0.29-a0-817-g9904bce7a6 (webtiles) character file.

Game seed: 9971901646114059483

3421 wilfster70 the Cleaver (level 10, -3/68 HPs)
             Began as a Gargoyle Fighter on July 5, 2022.
             Was an Elder of Qazlal.
             Slain by a +1 flail of holy wrath (8 damage)
             ... in the Dungeon (Sprint V: "Ziggurat Sprint").
             The game lasted 00:02:56 (499 turns).

wilfster70 the Cleaver (Gargoyle Fighter)            Turns: 499, Time: 00:02:56

Health: -3/68      AC: 29    Str: 30    XL:     10   Next: 5%
Magic:  16/17      EV:  0    Int:  9    God:    Qazlal [****..]
Gold:   0          SH:  0    Dex:  9    Spells: 9/9 levels left

rFire   + . .      SeeInvis .   a - +5 broad axe
rCold   + . .      Faith    .   b - +18 shield of the Gong {rElec rN+ Will+ EV-5}
rNeg    + + .      Spirit   .   k - +5 gold dragon scales
rPois   ∞          Reflect  .   (no helmet)
rElec   +          Harm     .   (no cloak)
rCorr   .          Rampage  .   (no gloves)
Will    +....      NoTele   +   (no boots)
Stlth   ..........              (no amulet)
HPRegen 0.21/turn               p - +6 ring of strength
MPRegen 0.15/turn               x - +4 ring of slaying

@: confused, repel missiles
A: sickness immunity, AC +7, negative energy resistance 1, electricity
resistance, torment resistance 1, petrification resistance
a: Renounce Religion, Upheaval, Elemental Force


You were in the Dungeon.
You worshipped Qazlal.
Qazlal was greatly pleased with you.
You visited 1 branch

Inventory:

Hand Weapons
 a - a +5 broad axe (weapon)
Armour
 b - the +18 shield of the Gong (worn) {rElec rN+ Will+ EV-5}
   (You found it in the Dungeon)

   It is deafeningly noisy when blocking attacks.
   EV:        It affects your evasion (-5).
   rElec:     It insulates you from electricity.
   rN:        It protects you from negative energy.
   Will:      It increases your willpower.
 k - +5 gold dragon scales (worn)
Jewellery
 p - a +6 ring of strength (left hand)
 x - a +4 ring of slaying (right hand)
Wands
 m - a wand of mindburst (7)
 s - a wand of acid (7)
Scrolls
 c - 4 scrolls of amnesia
 j - 4 scrolls of blinking
 l - 7 scrolls of fog
 n - 2 scrolls of fear
 r - 5 scrolls of identify
Potions
 d - 6 potions of might
 e - 10 potions of curing
 f - 9 potions of heal wounds
 g - 6 potions of haste
 h - 7 potions of magic
 i - 2 potions of berserk rage
 o - 2 potions of brilliance
 t - 2 potions of invisibility
 u - 4 potions of resistance
Miscellaneous
 v - a box of beasts
 w - a tin of tremorstones (2/2)


   Skills:
 + Level 10.1 Fighting
 * Level 11.6 Axes
 + Level 10.2 Armour
 + Level 10.1 Shields
 + Level 9.6 Invocations
 + Level 7.8 Evocations


You had 9 spell levels left.
You didn't know any spells.
Your spell library contained the following spells:

 Spells                   Type           Power      Damage    Failure   Level
 Airstrike                Air            0%         0-1+      100%        4
 Animate Armour           Summ/Erth      0%         N/A       100%        4
 Cause Fear               Hex            0%         N/A       100%        4
 Summon Lightning Spire   Summ/Air       0%         N/A       100%        4
 Blade Hands              Tmut           0%         N/A       100%        5
 Lightning Bolt           Conj/Air       0%         1d11      100%        5
 Yara's Violent Unravell  Hex/Tmut       0%         3d3       100%        5
 Iron Shot                Conj/Erth      0%         9d1       100%        6


Dungeon Overview and Level Annotations

Branches:
Dungeon (1/1)

Altars:
Ashenzari
Cheibriados
Dithmenos
Elyvilon
Fedhas
Gozag
Hepliaklqana
Kikubaaqudgha
Makhleb
Nemelex Xobeh
Okawaru
Qazlal
Ru
Sif Muna
Trog
Uskayaw
Vehumet
Wu Jian
Xom
Yredelemnul
Zin
The Shining One
Jiyva
Lugonu

Annotations:
D 1 transporter


Innate Abilities, Weirdness & Mutations

You are immune to sickness and miasma.
Your stone body is resilient. (AC +7)
You are immune to poison.
You resist negative energy. (rN+)
You are resistant to electric shocks. (rElec)
You are resistant to unholy torment.
You are immune to petrification.


Message History

Your Axes skill increases to level 11!
Your Armour skill increases to level 10!
Your Shields skill increases to level 10!
Your Invocations skill increases to level 9!
You have reached level 10!
The deep elf archer mumbles some strange words.
The deep elf archer blinks!
You block the +1 flail of holy wrath's attack.
PANG!
You slice the fire elemental!!
You destroy the fire elemental!
Qazlal accepts your kill.
You barely miss the +1 flail of holy wrath.
You block the +1 flail of holy wrath's attack.
GONNNNG!
You block the +1 flail of holy wrath's attack.
PTOANNNG!
You closely miss the +1 flail of holy wrath.
The +1 flail of holy wrath is lightly damaged.
You block the +1 flail of holy wrath's attack.
GONNNNG!
You block the +1 flail of holy wrath's attack.
GONNNNG!
The deep elf archer shoots an arrow.
The arrow hits you!
You miss the +1 flail of holy wrath.
The +1 flail of holy wrath is lightly damaged.
You block the +1 flail of holy wrath's attack.
PANG!
The deep elf archer points at you and mumbles some strange words.
You are confused.
The +1 flail of holy wrath completely misses you.
You are too confused!
You are too confused!
The +1 flail of holy wrath hits you but does no damage.
The deep elf archer shoots an arrow.
The arrow hits you! The +1 flail of holy wrath hits you.
The deep elf archer shoots an arrow.
The arrow hits you!
* * * LOW HITPOINT WARNING * * *
The +1 flail of holy wrath hits you!
You die...

▓..)).▓.....▓..©..▓
▓..©..▓..©..▓▓▓▓▓▓▓
▓▓▓▓▓▓▓▓▓▓▓▓▓▓▓▓▓▓▓
▓..8©8...▓..8©8...▓
▓...=....▓..:)|...▓
▓...=)...▓..:.).e.▓
▓...)....▓......○☼▓
▓...)....▓...)(...▓
▓.▓....▓.▓.▓..@.▓.▓
▓...©....▓...©☼...▓
▓▓▓▓▓▓▓▓▓▓▓▓▓▓▓▓▓▓▓


You could see a deep elf archer (repels missiles) and a +1 flail of holy wrath.

Vanquished Creatures
  A deep elf sorcerer (D)
  A dancing weapon (D)
  A deep elf archer (D)
  2 deep elf zephyrmancers (D)
  A deep elf pyromancer (D)
  A fire elemental (D)
  An orc priest (D)
  An orc wizard (D)
  An adder (D)
  An adder zombie (D)
  2 orcs (D)
  A bat zombie (D)
  2 ball pythons (D)
16 creatures vanquished.

Notes
Turn   | Place    | Note
-------+----------+-------------------------------------------
     0 | D        | wilfster70 the Gargoyle Fighter began the quest for the
                  | Orb.
     0 | D        | Reached XP level 1. HP: 14/14 MP: 1/1
    17 | D        | Found a blossoming altar of Fedhas.
    17 | D        | Found the +6 Majin-Bo {vamp, MP+6 Int+6}
    17 | D        | Found the +9 heavy crossbow "Sniper" {vorpal, Acc+∞ SInv}
    17 | D        | Found the +10 dark maul {vorpal}
    17 | D        | Found the +15 Maxwell's patent armour {-Cast -Tele rElec
                  | Will+ rCorr}
    17 | D        | Found the +18 shield of the Gong {rElec rN+ Will+ EV-5}
    17 | D        | Found the +14 obsidian axe {vorpal, Mesm Drain Fly SInv}
    17 | D        | Found the +7 great mace "Firestarter" {inner flame, rF++}
    17 | D        | Found the +6 shillelagh "Devastator" {shatter}
    17 | D        | Found the +11 plutonium sword {Contam Stlth-}
    17 | D        | Found the +8 lance "Wyrmbane" {slay drac, rPois rF+ rC+
                  | AC+3}
    17 | D        | Found the +9 sword of Zonguldrok {reap}
    17 | D        | Found the +13 scythe of Curses {drain, Drain}
    17 | D        | Found the +5 sword of Power {vorpal}
    17 | D        | Found the +7 mace of Variability {chain chaos}
    17 | D        | Found the +7 Singing Sword {vorpal, sonic wave}
    17 | D        | Found the +8 storm bow {elec, penet}
    18 | D        | Found a viscous altar of Jiyva.
    18 | D        | Found a transporter.
    18 | D        | Found a hazy altar of Hepliaklqana.
    18 | D        | Found an ancient bone altar of Kikubaaqudgha.
    18 | D        | Found an opulent altar of Gozag.
    18 | D        | Found a corrupted altar of Lugonu.
    37 | D        | Found a burning altar of Makhleb.
    38 | D        | Found a sacrificial altar of Ru.
    38 | D        | Found a stormy altar of Qazlal.
    38 | D        | Found a shimmering blue altar of Sif Muna.
    38 | D        | Found an iron altar of Okawaru.
    38 | D        | Found a bloodstained altar of Trog.
    38 | D        | Found a sparkling altar of Nemelex Xobeh.
    92 | D        | Became a worshipper of Qazlal Stormbringer
    93 | D        | Reached skill level 4 in Axes
    93 | D        | Reached XP level 2. HP: 20/20 MP: 2/4
   120 | D        | Entered arena 2.
   120 | D        | Found a transporter.
   132 | D        | Entered arena 3.
   132 | D        | Found a transporter.
   134 | D        | Reached * piety under Qazlal
   138 | D        | Reached XP level 3. HP: 24/24 MP: 5/5
   248 | D        | Entered arena 4.
   248 | D        | Noticed a deep elf pyromancer
   248 | D        | Noticed a deep elf archer
   248 | D        | Noticed a deep elf zephyrmancer
   248 | D        | Noticed a deep elf zephyrmancer
   248 | D        | Found a transporter.
   252 | D        | Noticed a fire elemental
   252 | D        | Noticed a fire elemental
   253 | D        | Noticed a fire elemental
   253 | D        | Noticed a fire elemental
   253 | D        | Killed a deep elf pyromancer
   253 | D        | Reached ** piety under Qazlal
   254 | D        | Reached skill level 7 in Axes
   254 | D        | Reached XP level 4. HP: 32/32 MP: 5/8
   254 | D        | Reached XP level 5. HP: 37/37 MP: 5/9
   254 | D        | Reached XP level 6. HP: 42/42 MP: 5/10
   254 | D        | Reached XP level 7. HP: 47/47 MP: 5/11
   255 | D        | Killed a deep elf zephyrmancer
   256 | D        | Reached skill level 8 in Axes
   256 | D        | Reached skill level 5 in Evocations
   256 | D        | Reached XP level 8. HP: 54/54 MP: 5/13
   266 | D        | Killed a deep elf archer
   267 | D        | Reached skill level 9 in Axes
   268 | D        | Killed a deep elf zephyrmancer
   269 | D        | Reached skill level 10 in Axes
   269 | D        | Reached XP level 9. HP: 24/60 MP: 8/15
   273 | D        | Got the Collected Works on Spellbinding
   444 | D        | Entered arena 5.
   444 | D        | Found a transporter.
   447 | D        | Reached *** piety under Qazlal
   487 | D        | Entered arena 6.
   487 | D        | Noticed a +1 flail of holy wrath
   487 | D        | Noticed a deep elf sorcerer
   487 | D        | Noticed a deep elf archer
   487 | D        | Noticed a +1 dire flail of protection
   487 | D        | Found a transporter.
   490 | D        | Killed a +1 dire flail of protection
   490 | D        | Reached **** piety under Qazlal
   493 | D        | Killed a deep elf sorcerer
   494 | D        | Reached skill level 10 in Fighting
   494 | D        | Reached skill level 11 in Axes
   494 | D        | Reached skill level 10 in Armour
   494 | D        | Reached skill level 10 in Shields
   494 | D        | Reached XP level 10. HP: 56/68 MP: 15/17
   499 | D        | Slain by a +1 flail of holy wrath

Illustrated notes

Levels and vault maps discovered:
D:        sprint_v [room_start, room_1, room_2, room_3, room_4, room_5, room_6,
          room_7, room_8, room_9, room_10, room_11, room_12, room_13, room_14,
          room_15, room_16, room_17, room_18, room_19, room_20, room_21,
          room_22, room_23, room_24, room_25, room_26, room_27]

Skill      XL: |  1  2  3  4  5  6  7  8  9 |
---------------+----------------------------+-----
Fighting       | 4 6 7 8 10 | 10.1
Axes           | 4 7 8 10 11 | 11.6
Armour         | 4 6 7 9 10 | 10.2
Shields        | 4 6 7 8 10 | 10.1
Invocations    | 2 3 6 7 8 9 |  9.6
Evocations     | 2 4 5 6 7 |  7.8

Action                   |  1- 3 |  4- 6 |  7- 9 | 10-12 || total
-------------------------+-------+-------+-------+-------++-------
Melee: Broad axe         |    12 |       |    20 |     3 ||    35
  Use: Potion            |     2 |       |     1 |       ||     3
Armor: Gold dragon scale |     4 |       |    14 |     1 ||    19
Dodge: Dodged            |       |       |       |     1 ||     1
Block: Kite shield       |    13 |       |    38 |     6 ||    57

Table legend: (Time is in decaauts)
 A = Elapsed time spent in this place.
 B = Non-inter-level travel time spent in this place.
 C = Inter-level travel time spent in this place.
 D = Time resting spent in this place.
 E = Time spent auto-exploring this place.
 F = Levels seen in this place.
 G = Mean time per level.
                   A        B        C        D        E       F      G
               +--------+--------+--------+--------+--------+-----+--------+
         Total |    519 |    519 |      0 |    293 |      0 |   1 |  519.0 |
       Dungeon |    519 |    519 |      0 |    293 |      0 |   1 |  519.0 |
               +--------+--------+--------+--------+--------+-----+--------+

Top non-repeatable levels by time:
       D: 519 daAuts
